AoeStats
← Shawn96

Fortress

509755401Analyzed
3v3 RM · 4d ago on Sep 27, 2026· 54m 26s· 6 players
Game mode
Random Map
Map size
Large (8 player)
Population
200
Speed
Normal
Resources
Standard
Victory
Conquest
Starting age
Dark Age
Ending age
Imperial Age
RankedLock teamsTeams togetherTeam positionsShared explorationLock speedFull tech treeHidden civsTurbo modeCheats
Victory
Defeat
🇺🇸 Dravidians · United States
1439
+14
🇺🇸 Khmer · United States
1377
+16
🇨🇦 Japanese · Canada
1313
+18
🇨🇦 Mapuche · Canada
1387
-16
🇺🇸 Bohemians · United States
1376
-16
🇫🇷 Gurjaras · France
1372
-16
koppzer
8:20 Feudal Age
9:18 Double-Bit Axe
12:09 Castle Age
10:09 Horse Collar
11:48 Gold Mining
13:08 Bow Saw
19:09 Forging
19:45 Loom
21:52 Town Watch
23:50 Wheelbarrow
24:32 Heavy Plow
25:09 Gold Shaft Mining
25:46 Iron Casting
28:41 Imperial Age
27:56 Hand Cart
27:47 Stone Mining
29:24 Fletching
29:40 Elite Bolas Rider
30:26 Butalmapu
30:52 Bodkin Arrow
32:31 Blast Furnace
31:52 Padded Archer Armor
33:52 Conscription
33:34 Malon
35:06 Crop Rotation
35:12 Stone Shaft Mining
34:59 Elite Kona
36:55 Champi Runner
37:38 Scale Mail Armor
40:25 Hoardings
41:17 Champi Warrior
42:14 Chain Mail Armor
42:37 Coinage
42:23 Elite Champi Warrior
45:27 Plate Mail Armor
45:21 Elite Skirmisher
46:54 Caravan
47:28 Leather Archer Armor
Diheadwarlord
6:23 Loom
8:32 Feudal Age
9:52 Double-Bit Axe
9:53 Horse Collar
12:35 Castle Age
16:21 Bow Saw
21:50 Imperial Age
19:56 Wheelbarrow
22:01 Chemistry
22:16 Hand Cart
23:34 Squires
24:25 Town Watch
27:07 Sanctity
27:34 Conscription
28:31 Pikeman
30:54 Houfnice
32:11 Siege Engineers
32:12 Elite Hussite Wagon
32:30 Elite Skirmisher
35:50 Wagenburg Tactics
43:12 Fletching
43:22 Padded Archer Armor
44:07 Bodkin Arrow
45:11 Leather Archer Armor
44:58 Bracer
46:13 Ballistics
47:50 Ring Archer Armor
Beerial
7:55 Feudal Age
9:04 Double-Bit Axe
9:27 Horse Collar
12:00 Castle Age
13:08 Bow Saw
13:35 Heavy Plow
19:54 Wheelbarrow
19:11 Loom
22:25 Hand Cart
26:25 Imperial Age
24:35 Fletching
24:46 Padded Archer Armor
25:17 Gold Mining
25:50 Bloodlines
25:40 Husbandry
26:40 Bodkin Arrow
27:00 Leather Archer Armor
27:14 Kshatriyas
27:58 Gold Shaft Mining
27:16 Town Watch
29:41 Bracer
30:43 Chemistry
30:06 Ballistics
30:18 Thumb Ring
34:19 Leather Archer Armor
35:57 Chemistry
34:44 Elite Elephant Archer
38:08 Masonry
42:09 Light Cavalry
44:13 Conscription
44:15 Frontier Guards
44:08 Treadmill Crane
44:59 Architecture
45:18 Conscription
Shawn96
8:19 Feudal Age
11:59 Castle Age
10:37 Double-Bit Axe
11:11 Horse Collar
13:10 Bow Saw
17:13 Loom
18:08 Wheelbarrow
19:17 Heavy Plow
20:00 Gold Mining
21:20 Scale Mail Armor
21:30 Forging
22:37 Gold Shaft Mining
21:53 Stone Mining
23:33 Hand Cart
23:54 Squires
23:41 Arson
27:07 Imperial Age
25:06 Fletching
26:25 Chain Mail Armor
26:46 Iron Casting
26:53 Bodkin Arrow
28:25 Plate Mail Armor
27:19 Elite Samurai
30:00 Blast Furnace
29:51 Bracer
30:06 Gambesons
31:10 Ballistics
31:51 Chemistry
31:08 Fortified Wall
31:28 Treadmill Crane
31:58 Masonry
33:49 Masonry
33:35 Murder Holes
34:03 Conscription
35:14 Town Watch
35:32 Padded Archer Armor
36:55 Two-Man Saw
36:29 Coinage
37:30 Hoardings
39:30 Leather Archer Armor
39:31 Pikeman
40:35 Yasama
40:33 Guard Tower
40:28 Arrowslits
40:37 Halberdier
41:09 Man-at-Arms
42:19 Long Swordsman
43:42 Ring Archer Armor
44:04 Thumb Ring
44:25 Parthian Tactics
47:17 Keep
46:49 Siege Engineers
47:23 Two-Handed Swordsman
48:02 Two-Handed Swordsman
48:52 Town Patrol
48:51 Heavy Cavalry Archer
50:51 Champion
R00FT0P CG
8:31 Feudal Age
11:44 Castle Age
9:49 Horse Collar
9:57 Double-Bit Axe
15:27 Bow Saw
19:18 Loom
21:45 Wheelbarrow
20:55 Town Watch
24:32 Hand Cart
24:53 Gold Mining
24:53 Stone Mining
26:02 Bow Saw
29:51 Imperial Age
29:59 Heavy Scorpion
31:03 Ballistics
31:43 Chemistry
31:31 Capped Ram
35:22 Heavy Plow
38:02 Siege Engineers
39:03 Masonry
39:04 Fortified Wall
42:48 Architecture
43:03 Double Crossbow
44:41 Siege Ram
47:17 Fletching
47:28 Padded Archer Armor
48:46 Light Cavalry
49:37 Bloodlines
49:27 Husbandry
49:54 Hussar
51:57 Hussar
52:44 Scale Barding Armor
52:50 Forging
54:24 Bodkin Arrow
54:44 Leather Archer Armor
Ice2207
8:03 Feudal Age
11:41 Castle Age
9:27 Double-Bit Axe
9:39 Horse Collar
12:53 Bow Saw
12:45 Heavy Plow
16:47 Wheelbarrow
15:58 Loom
16:46 Pikeman
18:58 Fletching
19:13 Gold Mining
22:21 Hand Cart
21:53 Town Watch
25:30 Imperial Age
25:07 Ballistics
24:44 Bodkin Arrow
24:49 Padded Archer Armor
25:30 Medical Corps
25:30 Husbandry
27:52 Chemistry
28:29 Bracer
28:47 Leather Archer Armor
31:24 Ring Archer Armor
31:53 Thumb Ring
32:55 Elite Elephant Archer
34:35 Scale Mail Armor
34:02 Halberdier
35:19 Devotion
41:59 Chain Mail Armor
41:57 Forging
42:49 Two-Man Saw
41:45 Stone Mining
44:48 Coinage
46:48 Murder Holes
47:15 Masonry
47:56 Plate Mail Armor
48:01 Iron Casting
50:50 Heavy Scorpion
52:27 Light Cavalry
53:15 Scale Barding Armor
54:10 Blast Furnace
55:20 Wootz Steel
Connection lost

Rejoining the realm…

Still unreachable

The connection could not be restored.

Session expired

The server has moved on; the page needs a fresh start.